 Dungeon Crawl Stone Soup version 0.26-a0-658-gbdda728c12 (webtiles) character file.

Game seed: 3355955526309987538

15911 grandjackal the Fighter (level 12, -23/110 HPs)
             Began as a Yellow Draconian Monk on Oct 4, 2020.
             Was a High Priest of Okawaru.
             Annihilated by a very large slime creature (70 damage)
             ... on level 12 of the Dungeon.
             The game lasted 00:20:32 (14944 turns).

grandjackal the Fighter (Yellow Draconian Monk)    Turns: 14944, Time: 00:20:33

Health: -23/110    AC: 12    Str: 20    XL:     12   Next: 5%
Magic:  27/27      EV: 21    Int: 10    God:    Okawaru [*****.]
Gold:   824        SH:  0    Dex: 13    Spells: 11/11 levels left

rFire    + + .     SeeInvis +   x - +3 great sword
rCold    . . .     Faith    .   (shield currently unavailable)
rNeg     . . .     Spirit   .   (armour unavailable)
rPois    +         Reflect  .   I - +1 hat "Uxteraun" {Harm rF++ Regen+ SInv}
rElec    .         Harm     +   H - +0 cloak {Stlth+}
rCorr    +         Rampage  .   J - +1 pair of gloves
MR       .....                  (no boots)
Stlth    ++........             (no amulet)
HPRegen  0.68/turn              i - +4 ring of evasion
MPRegen  0.20/turn              k - ring "Isixec" {rPois MP+9 Str+3 Dex-3}

@: no status effects
A: spit acid, unfitting armour, cold-blooded, acid resistance, AC +8
a: Breathe Acid, Heroism, Finesse, Renounce Religion


You were on level 12 of the Dungeon.
You worshipped Okawaru.
Okawaru was extremely pleased with you.
You visited 2 branches of the dungeon, and saw 13 of its levels.

You collected 824 gold pieces.

Inventory:

Hand Weapons
 g - a +0 rapier of draining
 h - a +1 dagger of speed
 p - a +4 long sword
 v - a +4 dagger
 w - a +4 dagger of freezing
 x - a +3 great sword (weapon)
Missiles
 m - 42 poisoned darts
 u - 3 curare-tipped darts (quivered)
Armour
 c - a +0 buckler
 C - the +10 tower shield of Ignorance {rN+ Int-4}
   (You found it on level 7 of the Dungeon)

   It affects your intelligence (-4).
   It protects you from negative energy.
 H - a +0 cloak of stealth (worn)
 I - the +1 hat "Uxteraun" (worn) {Harm rF++ Regen+ SInv}
   (Okawaru gifted it to you on level 10 of the Dungeon)

   It greatly protects you from fire.
   It lets you see invisible.
   It increases your rate of regeneration.
   It increases damage dealt and taken.
 J - a +1 pair of gloves (worn)
Jewellery
 i - a +4 ring of evasion (left hand)
 k - the ring "Isixec" (right hand) {rPois MP+9 Str+3 Dex-3}
   (You acquired it on level 8 of the Dungeon)

   [ring of magical power]

   It affects your strength (+3).
   It affects your dexterity (-3).
   It protects you from poison.
   It affects your magic capacity (+9).
Wands
 j - a wand of random effects (18)
 s - a wand of acid (18)
 A - a wand of paralysis (17)
 E - a wand of iceblast (8)
 G - a wand of polymorph (16)
Scrolls
 b - 7 scrolls of remove curse
 d - 5 scrolls of enchant weapon
 f - 5 scrolls of amnesia
 l - 3 scrolls of fear
 n - 4 scrolls of fog
 q - 2 scrolls of magic mapping
 r - 3 scrolls of teleportation
 y - a scroll of enchant armour
 z - a scroll of blinking
 F - a scroll of torment
Potions
 a - 3 potions of might
 e - 2 potions of flight
 o - 2 potions of brilliance
 t - a potion of curing
 B - a potion of stabbing
 D - a potion of mutation


   Skills:
 + Level 11.2 Fighting
 + Level 10.3 Long Blades
 + Level 9.5 Dodging
 - Level 1.7 Stealth
 + Level 6.6 Shields
 + Level 8.4 Invocations


You had 11 spell levels left.
You didn't know any spells.
Your spell library contained the following spells:

 Spells                   Type           Power        Failure   Level
 Corona                   Hex            #......      36%         1
 Magic Dart               Conj           #...         36%         1
 Searing Ray              Conj           #.....       50%         2
 Slow                     Hex            #.......     50%         2
 Dazzling Flash           Conj/Hex       #.....       75%         3
 Inner Flame              Hex/Fire       #.......     75%         3
 Portal Projectile        Hex/Tloc       #.....       75%         3
 Cause Fear               Hex            #.........   98%         4
 Fulminant Prism          Conj/Hex       #.........   98%         4
 Iskenderun's Mystic Bla  Conj/Tloc      #.......     98%         4
 Leda's Liquefaction      Hex/Erth       #.........   98%         4


Dungeon Overview and Level Annotations

Branches:
Dungeon (12/15)            Temple (1/1) D:6            Lair (0/6) D:10
    Orc (0/2) D:12

Altars:
Ashenzari
Cheibriados
Dithmenos
Elyvilon
Fedhas
Gozag
Hepliaklqana
Nemelex Xobeh
Okawaru
Qazlal
Vehumet
Wu Jian
Xom
Yredelemnul
Zin

Shops:
D:6 *

Annotations:
D:7 1 runed translucent door, exclusion: 4 orange crystal statues
D:11 2 runed translucent doors, avis's ghost, journeyman HOMo


Innate Abilities, Weirdness & Mutations

You can spit globs of acid.
Your golden yellow scales are hard. (AC +8)
You cannot fit into any form of body armour.
You are cold-blooded and may be slowed by cold attacks.
You are resistant to acid. (rCorr)


Message History

The kobold completely misses you.
You slice the very large slime creature!!
The very large slime creature is severely wounded.
The very large slime creature hits you! The kobold completely misses you.
You riposte.
You miss the kobold.
The very large slime creature closely misses you.
Unknown command.
You are too injured to fight recklessly!
Unknown command.
You are too injured to fight recklessly!
Unknown command.
You are too injured to fight recklessly!
Unknown command.
You are too injured to fight recklessly!
You hit the kobold.
Your tail-slap misses the kobold.
The kobold is severely wounded.
The kobold completely misses you.
The very large slime creature hits you!!!
Ouch! That really hurt!
You die...

##### ####
..#########u..#### #...
..........BD.....# #.# #...
......#.###†.....# #.# #...
#.###.#○###.Y....# #.# ####
. ..#..[...###.# #.# #
####.####.# #.# #.# # #B#
#Y###J# #.# # #.# #..##@#
#.# ########
..#####.##K####.####<..)...
..........)...).(..†.......
########.#.##.#.####†####..
#.#.##.#.# #.#.....
#.#.##.#.# #.#.....
#.#.##.#.# #.......
#.#.##.#.# #..8....
#.#.##.#.# ##......


You could see a very large slime creature and a kobold.

Vanquished Creatures
  2 boulder beetles
  3 two-headed ogres (D:9)
  2 unseen horrors
  Pikel (D:9)
  A centaur zombie (D:12)
  2 centaur skeletons
  3 komodo dragons (D:10)
  3 trolls
  Grinder (D:5)
  3 slime creatures (D:12)
  2 wyverns
  A basilisk (D:10)
  13 yaks
  A soldier ant (D:10)
  Menkaure (D:5)
  2 acid dragons
  A water moccasin (D:8)
  A swamp drake (D:10)
  3 ice beasts
  4 phantoms
  3 orc warriors
  3 ogres
  A black bear (D:9)
  A necrophage (D:10)
  2 sky beasts
  4 centaurs
  A big kobold (D:12)
  7 bullfrogs
  2 scorpions
  16 wights
  12 killer bees
  A howler monkey (D:4)
  A bullfrog zombie (D:9)
  2 jellies
  Crazy Yiuf (D:5)
  4 hounds
  8 orc priests
  14 orc wizards
  Terence (D:3)
  5 iguanas
  8 worker ants
  A mummy (D:5)
  2 hound skeletons
  4 hound zombies
  A worker ant zombie (D:9)
  A howler monkey skeleton (D:10)
  8 adders
  A white imp (D:10)
  An ufetubus (D:10)
  An adder skeleton (D:7)
  3 worms
  A dart slug (D:2)
  59 orcs
  4 giant cockroaches
  4 goblins
  11 hobgoblins
  6 jackals
  6 quokkas
  7 bats
  3 frilled lizards
  A hobgoblin zombie (D:5)
  7 kobolds
  A leopard gecko skeleton (D:5)
  An orc zombie (D:5)
  A quokka zombie (D:8)
  4 rats
286 creatures vanquished.

Vanquished Creatures (others)
  A worker ant zombie (D:10)
  A leopard gecko (D:10)
2 creatures vanquished.

Grand Total: 288 creatures vanquished

Notes
Turn   | Place    | Note
-------+----------+-------------------------------------------
     0 | D:1      | grandjackal the Draconian Monk began the quest for the Orb.
     0 | D:1      | Reached XP level 1. HP: 19/19 MP: 1/1
   508 | D:1      | Reached XP level 2. HP: 24/26 MP: 2/2
  1606 | D:2      | Reached XP level 3. HP: 33/33 MP: 3/3
  2104 | D:3      | Noticed Terence
  2126 | D:3      | Killed Terence
  2126 | D:3      | Reached skill level 4 in Fighting
  2126 | D:3      | Reached XP level 4. HP: 25/40 MP: 4/4
  3201 | D:4      | Reached XP level 5. HP: 45/47 MP: 5/5
  3911 | D:5      | Entered Level 5 of the Dungeon
  3919 | D:5      | Noticed an ice beast
  3932 | D:5      | Killed an ice beast
  3932 | D:5      | Reached skill level 5 in Fighting
  3932 | D:5      | Reached XP level 6. HP: 33/56 MP: 6/6
  4065 | D:5      | Noticed an ice beast
  4080 | D:5      | Reached skill level 5 in Long Blades
  4459 | D:5      | Found a runed translucent door.
  4460 | D:5      | Noticed Crazy Yiuf
  4706 | D:5      | Your scales start taking on a golden yellow colour.
  4706 | D:5      | Reached XP level 7. HP: 45/62 MP: 7/7
  4706 | D:5      | Gained mutation: You are resistant to acid. (rCorr) [Yellow
                  | Draconian growth]
  4913 | D:5      | Noticed Grinder
  4916 | D:5      | Paralysed by Grinder for 7 turns
  4931 | D:5      | Killed Grinder
  4931 | D:5      | Reached skill level 6 in Fighting
  4931 | D:5      | Reached skill level 5 in Dodging
  5305 | D:5      | Noticed Menkaure
  5987 | D:5      | Killed Menkaure
  5987 | D:5      | Reached XP level 8. HP: 71/71 MP: 8/8
  6124 | D:5      | Killed Crazy Yiuf
  6213 | D:6      | Found a stormy altar of Qazlal.
  6249 | D:6      | Reached skill level 7 in Fighting
  6855 | D:6      | Found a basalt altar of Yredelemnul.
  6857 | D:6      | Found Utovucw's Blasphemy Boutique.
  6902 | D:6      | Found a staircase to the Ecumenical Temple.
  6912 | Temple   | Entered the Ecumenical Temple
  6958 | Temple   | Became a worshipper of Warmaster Okawaru
  6958 | Temple   | Reached * piety under Okawaru
  6958 | Temple   | Reached ** piety under Okawaru
  7497 | D:7      | Reached skill level 1 in Invocations
  7863 | D:7      | Reached skill level 8 in Fighting
  7863 | D:7      | Reached XP level 9. HP: 81/81 MP: 10/10
  8092 | D:7      | Found the +10 tower shield of Ignorance {rN+ Int-4}
  8097 | D:7      | Found a runed translucent door.
  8123 | D:7      | Noticed an orange crystal statue
  8123 | D:7      | Noticed an orange crystal statue
  8123 | D:7      | Noticed an orange crystal statue
  8123 | D:7      | Noticed an orange crystal statue
  8124 | D:7      | Found a runed translucent door.
  9189 | D:7      | Lost intelligence.
  9501 | D:8      | Reached *** piety under Okawaru
  9935 | D:8      | Identified a scroll of acquirement
  9942 | D:8      | Acquired the ring "Isixec" {rPois MP+9 Str+3 Dex-3}
 10076 | D:9      | Reached skill level 1 in Shields
 10154 | D:9      | Noticed a two-headed ogre
 10163 | D:9      | Killed a two-headed ogre
 10163 | D:9      | Reached **** piety under Okawaru
 10163 | D:9      | Reached skill level 9 in Fighting
 10163 | D:9      | Reached XP level 10. HP: 42/91 MP: 13/13
 10164 | D:9      | Noticed a two-headed ogre
 10188 | D:9      | Killed a two-headed ogre
 10188 | D:9      | Reached skill level 5 in Invocations
 10522 | D:9      | Noticed Pikel
 10548 | D:9      | Killed Pikel
 10548 | D:9      | Reached ***** piety under Okawaru
 10556 | D:9      | Noticed a two-headed ogre
 10627 | D:9      | Killed a two-headed ogre
 11419 | D:10     | Entered Level 10 of the Dungeon
 11574 | D:10     | Reached skill level 10 in Fighting
 11767 | D:10     | Killed an unseen horror
 11775 | D:10     | Reached XP level 11. HP: 46/99 MP: 15/15
 12006 | D:10     | Found an ornate altar of the Wu Jian Council.
 12042 | D:10     | Noticed Maurice
 12044 | D:10     | Noticed Maurice
 12044 | D:10     | Maurice changed into Maurice the ogre
 12050 | D:10     | Killed Maurice the ogre
 12547 | D:10     | Received a gift from Okawaru
 12550 | D:10     | Reached skill level 5 in Shields
 12563 | D:10     | Got a fading hat {god gift}
 13193 | D:10     | Identified the +1 hat "Uxteraun" {Harm rF++ Regen+ SInv}
                  | (Okawaru gifted it to you on level 10 of the Dungeon)
 13456 | D:10     | Found a staircase to the Lair.
 13783 | D:11     | Noticed a boulder beetle
 13811 | D:11     | Killed a boulder beetle
 14182 | D:11     | Noticed an unseen horror
 14186 | D:11     | Killed an unseen horror
 14205 | D:11     | Found a large runed translucent door.
 14205 | D:11     | Found a large runed translucent door.
 14209 | D:11     | Noticed avis's ghost (journeyman HOMo)
 14310 | D:11     | Reached skill level 10 in Long Blades
 14627 | D:12     | Noticed a boulder beetle
 14641 | D:12     | Noticed a cyan ugly thing
 14655 | D:12     | Found a staircase to the Orcish Mines.
 14655 | D:12     | Killed a boulder beetle
 14655 | D:12     | Reached skill level 11 in Fighting
 14924 | D:12     | Reached XP level 12. HP: 110/110 MP: 18/18
 14944 | D:12     | Annihilated by a very large slime creature

Illustrated notes

Levels and vault maps discovered:
D:1:      roderic_crossed_star, layout_basic
D:2:      layout_loops_ring
D:3:      layout_loops_cross, chequers_serial_rivers_small_b, uniq_terence
D:4:      layout_basic
D:5:      layout_rooms, nicolae_ossuary_entry_giza, serial_co_window_serial,
          co_window_paths_a, co_window_corner_a, co_window_corner_a,
          co_window_of_opportunity_a, co_window_paths_b, co_window_paths_b,
          co_window_unsneaky_path_b, co_window_unsneaky_path_a,
          co_window_corner_b, co_window_2corner, co_window_4corner_b,
          co_window_4corner_a, kennysheep_generic_room_7,
          uniq_crazy_yiuf_cottage, uniq_grinder, uniq_menkaure
D:6:      layout_cave_pools, nicolae_overflow_hidden_temple, temple_hall,
          corexii_leaking_fountain, nicolae_evil_shop
D:7:      layout_rooms, chequers_guarded_unrand_ignorance
D:8:      layout_rooms
D:9:      layout_basic, minmay_misc_feat_roman, uniq_pikel
D:10:     layout_roguey, erik_lair_dragon, basic_altar, uniq_maurice
D:11:     layout_irregular_city, ebering_ghost_disaster_area
D:12:     layout_basic, david_orc_2
Temple:   regret_index_temple_sigil_plot

Skill      XL: |  1  2  3  4  5  6  7  8  9 10 11 |
---------------+----------------------------------+-----
Dodging        | 3 4 5 6 7 8 9 |  9.5
Fighting       | 4 5 6 8 9 10 11 | 11.2
Long Blades    | 4 5 6 7 8 9 10 | 10.3
Invocations    | 2 4 6 8 |  8.4
Shields        | 2 4 6 |  6.6
Stealth        | |  1.7

Action                   |  1- 3 |  4- 6 |  7- 9 | 10-12 || total
-------------------------+-------+-------+-------+-------++-------
Melee: Falchion          |   115 |   164 |   104 |       ||   383
       Tailslap          |    17 |    31 |    69 |    60 ||   177
       Long sword        |       |       |    93 |       ||    93
       Great sword       |       |       |   195 |   308 ||   503
Throw: Dart              |    10 |     6 |       |    10 ||    26
Invok: Heroism           |       |       |       |     5 ||     5
 Abil: Breathe Acid      |       |       |    15 |     9 ||    24
Evoke: Wand              |       |     6 |     3 |     2 ||    11
  Use: Potion            |       |     6 |       |       ||     6
       Scroll            |       |     2 |    16 |     5 ||    23
 Stab: Paralysed         |       |     5 |     3 |       ||     8
       Sleeping          |       |       |       |     3 ||     3
Armor: Skin              |    21 |    30 |   124 |    73 ||   248
Dodge: Dodged            |    95 |   139 |   557 |   392 ||  1183
       Rpst.: Falchion   |    22 |    45 |    27 |       ||    94
       Long sword        |       |       |    36 |       ||    36
       Great sword       |       |       |   106 |   101 ||   207

Table legend: (Time is in decaauts)
 A = Elapsed time spent in this place.
 B = Non-inter-level travel time spent in this place.
 C = Inter-level travel time spent in this place.
 D = Time resting spent in this place.
 E = Time spent auto-exploring this place.
 F = Levels seen in this place.
 G = Mean time per level.
                   A        B        C        D        E       F      G
               +--------+--------+--------+--------+--------+-----+--------+
         Total |  15356 |  14808 |    548 |   5332 |   6667 |  13 | 1181.2 |
       Dungeon |  15283 |  14761 |    522 |   5332 |   6631 |  12 | 1273.6 |
        Temple |     72 |     46 |     26 |      0 |     36 |   1 |   72.0 |
               +--------+--------+--------+--------+--------+-----+--------+

Top non-repeatable levels by time:
     D:5: 2785 daAuts
    D:10: 2248 daAuts
     D:7: 2193 daAuts
     D:9: 1374 daAuts
     D:3: 1175 daAuts
     D:1: 1090 daAuts
    D:11: 959 daAuts
     D:2: 923 daAuts
     D:4: 747 daAuts
     D:6: 742 daAuts
     D:8: 682 daAuts
    D:12: 360 daAuts
  Temple: 72 daAuts
